 Dungeon Sprint DCSS version 0.19.0-24-gb05acd6 (webtiles) character file.

2073 equalderp2856 the Ripper (level 9, -17/45 HPs)
             Began as a Felid Fighter on Nov 23, 2016.
             Demolished by a dream sheep (27 damage)
             ... in the Dungeon (Sprint VII: "The Pits").
             The game lasted 00:09:23 (3455 turns).

equalderp2856 the Ripper (Felid Fighter)            Turns: 3455, Time: 00:09:23

Health: -17/45     AC:  2    Str: 14    XL:     9   Next: 6%
Magic:  10/10      EV: 29    Int: 16    God:
Gold:   0          SH:  0    Dex: 16    Spells: 0 memorised, 8 levels left
                                        Lives:  0   Deaths: 2

rFire  . . .     SeeInvis +       - Unarmed
rCold  . . .     Gourm    .     (armour unavailable)
rNeg   . . .     Faith    .     (shield unavailable)
rPois  .         Spirit   .     (helmet unavailable)
rElec  .         Reflect  .     (cloak unavailable)
rCorr  .         Harm     .     (gloves unavailable)
MR     +....     NoTele   +     (boots unavailable)
Stlth  +++++.....               (no amulet)
                                j - +3 ring of intelligence
                                b - +3 ring of intelligence

@: quick
A: no armour, no weapons or thrown items, stealth, claws 1, fangs 3, see
invisible, carnivore 3, speed 1, shaggy fur 2, slow metabolism 1, sharp paws
a: no special abilities


You were in the Dungeon.
You were not hungry.

You visited 1 branch

Inventory:

Jewellery
 b - a +3 ring of intelligence (left paw)
 j - a +3 ring of intelligence (right paw)
Scrolls
 h - a scroll of blinking
Potions
 a - 2 potions of might
 c - 6 potions of curing
 d - 11 potions of heal wounds
 e - 2 potions of haste
 f - 4 potions of magic
 g - 5 potions of berserk rage
 i - 2 potions of invisibility
 k - a potion of agility


   Skills:
 + Level 8.4 Fighting
 + Level 13.4 Dodging
 + Level 9.9 Stealth
 + Level 17.5 Unarmed Combat


You had 8 spell levels left.
You didn't know any spells.

Dungeon Overview and Level Annotations

Branches:
Dungeon (1/1)

Altars:
Ashenzari
Cheibriados
Dithmenos
Elyvilon
Fedhas
Gozag
Hepliaklqana
Kikubaaqudgha
Makhleb
Nemelex Xobeh
Okawaru
Qazlal
Ru
Sif Muna
Trog
Uskayaw
Vehumet
Xom
Yredelemnul
Zin
The Shining One
Beogh
Jiyva
Lugonu


Innate Abilities, Weirdness & Mutations

You cannot wear armour.
You are incapable of wielding weapons or throwing items.
Your paws allow you to move quietly. (Stealth)
You have sharp claws.
You have razor-sharp teeth.
You have supernaturally acute eyesight. (SInv)
You are carnivorous and can eat meat at any time.
You cover ground quickly.
You are covered in thick fur. (AC +2)
You have a slow metabolism.
Your sharp claws are effective at attacking unaware monsters.


Message History

Your bite misses the dream sheep. The dream sheep completely misses you.
You closely miss the dream sheep. You barely miss the dream sheep.
The dream sheep bites you!
The dream sheep shake their wool and sparkle.
You feel drowsy...
You fall asleep.
A wraith comes into view.
The dream sheep completely misses you. The dream sheep completely misses you.
The dream sheep barely misses you. The dream sheep completely misses you.
The dream sheep bites you!!
You wake up.
Ouch! That really hurt!
* * * LOW HITPOINT WARNING * * *
There is a huge open gate to the Metal Vault (Medium) here.
There is a huge open gate to the Metal Vault (Medium) here.
The dream sheep shake their wool and sparkle.
You feel drowsy...
You fall asleep.
The dream sheep closely misses you.
The dream sheep completely misses you. x3
The dream sheep bites you!!
You wake up.
Ouch! That really hurt!
You die...

_________# _________#
___#####'###########++######
####)))#.##................#
?(.')))'.##......#..#......#
########.##.......(........+
)†))...)..'................+
#####'#####.....Y#..#))....#
#...#)#..##.....@YW.((.....#
#...#)#))#####)#####YY######
#...'.#))##......)##''#
##'####))##.......##(.##
#.....#[[##.......##.(W##
#.....#'###...<...###...##'##.
#........##.......# ##.Y......
#........##.......###..###Y###
###########.......##.)##.....


You could see a wraith and 4 dream sheep.

Vanquished Creatures
  A deep troll (D)
  A deep elf mage (D)
  An orc knight (D)
  An elephant (D)
  A kobold demonologist (D)
  A red devil (D)
  2 dream sheep (D)
  A flying skull (D)
  A ynoxinul (D)
  Edmund (D)
  A porcupine (D)
  An ice beast (D)
  3 orc warriors (D)
  A black bear (D)
  A crocodile (D)
  4 wights (D)
  2 crimson imps (D)
  An orc priest (D)
  A small abomination (D)
  A mummy (D)
  3 gnolls (D)
  An adder (D)
  2 ufetubi (D)
  An orc (D)
  A bat skeleton (D)
  A giant cockroach (D)
  A hobgoblin (D)
  A bat (D)
  3 kobolds (D)
  A quokka skeleton (D)
  2 rats (D)
44 creatures vanquished.

Notes
Turn   | Place    | Note
-------+----------+-------------------------------------------
     0 | D        | equalderp2856 the Felid Fighter began the quest for the Orb.
     0 | D        | Reached XP level 1. HP: 10/10 MP: 2/2
    24 | D        | Reached skill level 5 in Unarmed Combat
    24 | D        | Reached XP level 2. HP: 9/15 MP: 3/3
    42 | D        | Reached skill level 1 in Stealth
   154 | D        | Reached skill level 5 in Dodging
   154 | D        | Reached skill level 6 in Unarmed Combat
   154 | D        | Reached XP level 3. HP: 18/18 MP: 4/4
   155 | D        | Noticed a black bear
   502 | D        | Killed a black bear
   502 | D        | Reached skill level 5 in Fighting
   502 | D        | Reached skill level 8 in Unarmed Combat
   502 | D        | Reached XP level 4. HP: 11/23 MP: 5/5
   750 | D        | Found a radiant altar of Vehumet.
   750 | D        | Found a hide-covered altar of Uskayaw.
   750 | D        | Found an ancient bone altar of Kikubaaqudgha.
   750 | D        | Found a viscous altar of Jiyva.
   750 | D        | Found a hazy altar of Hepliaklqana.
   751 | D        | Found a bloodstained altar of Trog.
   751 | D        | Found a deep blue altar of Sif Muna.
   751 | D        | Found a sacrificial altar of Ru.
   751 | D        | Found a stormy altar of Qazlal.
   751 | D        | Found an iron altar of Okawaru.
   751 | D        | Found a sparkling altar of Nemelex Xobeh.
   751 | D        | Found an opulent altar of Gozag.
   751 | D        | Found a blossoming altar of Fedhas.
   751 | D        | Found a white marble altar of Elyvilon.
   751 | D        | Found a shadowy altar of Dithmenos.
   751 | D        | Found a snail-covered altar of Cheibriados.
   752 | D        | Found a glowing golden altar of the Shining One.
   752 | D        | Found a glowing silver altar of Zin.
   753 | D        | Found a burning altar of Makhleb.
   753 | D        | Found a basalt altar of Yredelemnul.
   753 | D        | Found a roughly hewn altar of Beogh.
   754 | D        | Found a corrupted altar of Lugonu.
   754 | D        | Found a shimmering altar of Xom.
   754 | D        | Found a shattered altar of Ashenzari.
   795 | D        | Noticed a flying skull
   796 | D        | Noticed a deep elf mage
   796 | D        | Noticed a porcupine
   815 | D        | Killed a flying skull
   815 | D        | Reached skill level 10 in Unarmed Combat
   815 | D        | Reached XP level 5. HP: 7/27 MP: 6/6
   815 | D        | Gained mutation: You are covered in thick fur. (AC +2) [Felid growth]
   815 | D        | Reached XP level 6. HP: 8/31 MP: 7/7
   826 | D        | Killed a porcupine
   826 | D        | Reached skill level 11 in Unarmed Combat
   863 | D        | Killed a deep elf mage
   863 | D        | Reached skill level 10 in Dodging
   863 | D        | Reached skill level 5 in Stealth
   863 | D        | Reached skill level 13 in Unarmed Combat
   863 | D        | Reached XP level 7. HP: 26/36 MP: 8/8
  1160 | D        | Reached XP level 8. HP: 20/40 MP: 9/9
  1309 | D        | Noticed an elephant
  1666 | D        | Reached skill level 14 in Unarmed Combat
  1965 | D        | HP: 2/40 [elephant (14)]
  2390 | D        | Killed an elephant
  2390 | D        | Reached skill level 15 in Unarmed Combat
  2527 | D        | Noticed Edmund
  2527 | D        | Noticed a kobold demonologist
  2536 | D        | Noticed a red devil
  2539 | D        | Killed Edmund
  2694 | D        | Killed a red devil
  2694 | D        | Reached XP level 9. HP: 33/44 MP: 10/10
  2764 | D        | Noticed a deep troll
  2770 | D        | Noticed an orc knight
  2994 | D        | Slain by a deep troll
  2995 | D        | Reached XP level 8. HP: -1/40 MP: 9/9
  3008 | D        | Noticed an ice devil
  3008 | D        | Killed a kobold demonologist
  3028 | D        | Killed an orc knight
  3028 | D        | Reached skill level 16 in Unarmed Combat
  3039 | D        | Mangled by an orc warrior
  3040 | D        | Reached XP level 7. HP: -10/37 MP: 8/8
  3062 | D        | Reached XP level 8. HP: 40/40 MP: 9/9
  3108 | D        | Killed a deep troll
  3108 | D        | Reached skill level 17 in Unarmed Combat
  3183 | D        | Noticed a dream sheep
  3185 | D        | Noticed a dream sheep
  3185 | D        | Noticed a dream sheep
  3198 | D        | Killed a dream sheep
  3226 | D        | Killed a dream sheep
  3226 | D        | Reached XP level 9. HP: 45/45 MP: 10/10
  3455 | D        | Demolished by a dream sheep

Skill      XL: |  1  2  3  4  5  6  7  8 |
---------------+-------------------------+-----
Unarmed Combat | 5 6 8 10 13 17 | 17.5
Fighting       | 4 5 6 7 8 |  8.4
Stealth        | 1 2 3 5 9 8 |  9.9
Dodging        | 5 6 8 10 13 | 13.4

Action                   |  1- 3 |  4- 6 |  7- 9 || total
-------------------------+-------+-------+-------++-------
Melee: Unarmed           |    25 |    21 |   137 ||   183
       Bite              |     3 |     2 |    17 ||    22
       Punch             |     1 |     1 |     9 ||    11
  Use: Potion            |       |     3 |       ||     3
 Stab: Sleeping          |     1 |       |     1 ||     2
       Distracted        |       |       |     3 ||     3
  Eat: Meat ration       |       |       |     1 ||     1
       Chunk             |       |       |     1 ||     1
Armor: Skin              |     1 |       |     1 ||     2
Dodge: Dodged            |    33 |    17 |   123 ||   173
